Map: Oxide LE

Players

DPGRogue (Rogue) - Winner!

  • Race: Zerg Zerg

Astrea

  • Race: Protoss Protoss

Event: ASUS ROG Fall 2021

VOD

Have the link to the VOD?

Description

Time

  • Played on: Sept. 18, 2021, 10:50 a.m.
  • Length: 10:28
Show
View Real Time Build Order
Export as new Build Order

DPGRogue Zerg - Winner!

Build Orders: Hatch First 

Get SALT Encoding   

  12  0:00  Drone  
  13  0:12  Overlord  
  13  0:16  Drone  
  14  0:30  Drone x2  
  16  0:48  Hatchery  
  15  0:51  Drone  
  15  0:55  Drone  
  17  0:57  Drone  
  18  1:08  Extractor  
  17  1:13  Spawning Pool  
  17  1:16  Drone  
  17  1:19  Drone  
  18  1:28  Drone  
  20  1:40  Drone  
  20  1:49  Drone  
  21  1:55  Hatchery  
  21  2:00  Zergling x2  
  21  2:01  Queen  
  21  2:03  Drone  
  24  2:11  Drone  
  24  2:13  Overlord  
  25  2:21  Queen  
  27  2:25  Drone  
  28  2:31  Metabolic Boost  
  28  2:33  Zergling x2  
  28  2:34  Zergling x2  
  30  2:42  Queen  
  32  2:46  Zergling x2  
  32  2:47  Zergling x2  
  34  2:53  Zergling x4  
  34  2:57  Overlord  
  35  3:07  Drone  
  35  3:08  Drone x2  
  38  3:14  Queen  
  38  3:18  Overlord  
  38  3:19  Drone  
  41  3:23  Drone  
  41  3:26  Drone  
  43  3:28  Drone  
  43  3:31  Drone  
  45  3:37  Drone x2  
  47  3:42  Drone x4  
  47  3:45  Drone  
  47  3:48  Drone, Roach Warren  
  52  3:50  Drone  
  52  3:51  Drone  
  54  3:56  Overlord  
  54  4:00  Drone x3  
  54  4:02  Drone  
  58  4:09  Extractor x2, Drone  
  57  4:10  Lair  
  57  4:12  Overlord  
  57  4:13  Drone  
  58  4:18  Drone x2  
  58  4:20  Drone x2  
  58  4:22  Drone x2  
  64  4:26  Drone  
  64  4:27  Drone  
  64  4:28  Overlord  
  66  4:31  Overlord  
  66  4:33  Drone  
  66  4:34  Evolution Chamber  
  66  4:37  Overlord  
  66  4:40  Overlord  
  66  4:43  Extractor  
  65  4:45  Extractor  
  65  4:48  Drone x2  
  65  4:49  Drone x3  
  65  4:50  Drone  
  65  4:52  Drone x2  
  72  4:58  Roach x3  
  72  4:59  Roach  
  80  5:01  Zerg Missile Weapons Level 1  
  80  5:03  Drone  
  80  5:04  Drone  
  82  5:09  Hydralisk Den  
  82  5:12  Zergling x4  
  83  5:14  Glial Reconstitution  
  83  5:15  Zergling x4  
  83  5:17  Zergling x2  
  83  5:19  Zergling x4  
  83  5:20  Zergling x2  
  89  5:22  Ravager  
  89  5:23  Zergling x4  
  89  5:26  Overlord  
  92  5:29  Overlord  
  92  5:35  Overlord  
  91  5:37  Drone x2  
  92  5:48  Hydralisk  
  92  5:49  Grooved Spines, Hydralisk x4  
  102  5:51  Hydralisk x2  
  102  5:55  Overseer  
  106  5:58  Hydralisk  
  106  6:05  Hydralisk x2  
  106  6:06  Extractor  
  109  6:12  Overlord x3  
  109  6:17  Roach  
  109  6:18  Roach x4  
  119  6:24  Roach  
  121  6:33  Roach  
  121  6:36  Roach x9  
  121  6:38  Roach  
  142  6:42  Overlord  
  142  6:44  Overlord  
  142  6:51  Overlord  
  142  6:53  Roach  
  144  6:56  Overlord  
  144  7:01  Roach x4  
  152  7:04  Overlord, Roach x3  
  152  7:05  Overlord  
  152  7:08  Ravager x3  
  161  7:12  Zergling x4, Overseer  
  161  7:14  Zergling x4  
  159  7:20  Zergling x2  
  159  7:22  Roach  
  159  7:29  Roach  
  154  7:31  Roach x2  
  143  7:37  Roach  
  143  7:38  Roach x2  
  143  7:40  Overseer  
  143  7:41  Zergling x2  
  143  7:42  Zergling x2  
  143  7:43  Zergling x2  
  138  7:46  Zergling x2  
  138  7:50  Zergling x2  
  138  7:51  Zergling x2, Overseer  
  129  7:57  Zergling x2  
  129  7:58  Zergling x6  
  130  7:59  Roach  
  130  8:01  Roach  
  130  8:03  Roach  
  130  8:05  Roach  
  132  8:08  Overseer  
  132  8:10  Zergling x4  
  122  8:14  Zergling x2  
  122  8:18  Roach x2  
  123  8:24  Roach  
  123  8:26  Roach  
  120  8:32  Drone x4  
  120  8:34  Drone  
  125  8:36  Drone  
  125  8:41  Drone  
  125  8:46  Drone x3  
  127  8:49  Drone x2, Infestation Pit  
  128  9:03  Zergling x16  
  135  9:10  Zergling x2  
  135  9:12  Overseer  
  135  9:16  Pneumatized Carapace  
  132  9:19  Drone  
  132  9:23  Drone  
  128  9:24  Drone  
  128  9:26  Drone  
  128  9:29  Drone  
  130  9:37  Drone  
  130  9:43  Drone x5  
  127  9:46  Drone  
  127  9:48  Drone x2  
  125  9:59  Zergling x2  
  125  10:00  Drone  
  123  10:08  Drone  
  123  10:09  Drone x5  
Show
View Real Time Build Order
Export as new Build Order

Astrea Protoss 

Build Orders: Nexus First, Phoenix Opening, Zealot Archon 

Get SALT Encoding   

  12  0:00  Probe  
  13  0:12  Probe  
  14  0:18  Pylon  
  14  0:24  Probe  
  15  0:37  Probe  
  16  0:49  Probe  
  17  0:58  Nexus  
  17  1:08  Gateway  
  17  1:11  Probe (Chrono Boost)  
  17  1:16  Assimilator  
  18  1:21  Probe (Chrono Boost)  
  18  1:25  Assimilator  
  19  1:26  Probe  
  20  1:35  Pylon  
  20  1:38  Probe  
  21  1:50  Probe  
  22  1:54  Zealot (Chrono Boost)  
  22  1:56  Cybernetics Core  
  24  2:03  Probe  
  25  2:10  Probe  
  25  2:12  Zealot (Chrono Boost)  
  25  2:15  Probe  
  29  2:22  Probe  
  30  2:27  Probe  
  31  2:32  Sentry (Chrono Boost)  
  31  2:33  Warp Gate (Chrono Boost)  
  31  2:34  Probe (Chrono Boost)  
  34  2:39  Gateway  
  34  2:41  Probe (Chrono Boost)  
  35  2:46  Probe (Chrono Boost)  
  35  2:48  Pylon  
  37  2:55  Probe x2 (Chrono Boost)  
  38  3:01  Probe  
  38  3:03  Probe  
  40  3:12  Sentry  
  42  3:13  Probe  
  42  3:16  Phoenix  
  42  3:17  Probe  
  44  3:26  Probe  
  45  3:29  Sentry, Probe  
  48  3:37  Twilight Council  
  48  3:38  Probe  
  49  3:42  Pylon  
  49  3:44  Probe  
  49  3:48  Pylon  
  52  3:51  Probe  
  52  3:52  Assimilator  
  52  3:54  Assimilator  
  53  3:57  Probe  
  52  4:03  Probe  
  52  4:09  Phoenix, Probe  
  54  4:10  Blink (Chrono Boost)  
  54  4:15  Probe  
  54  4:16  Stalker  
  57  4:17  Zealot  
  57  4:21  Pylon, Probe  
  60  4:26  Robotics Facility  
  60  4:27  Immortal  
  60  4:28  Nexus  
  60  4:30  Pylon, Probe  
  61  4:39  Probe  
  61  4:42  Probe  
  61  4:44  Gateway  
  63  4:47  Gateway  
  63  4:48  Sentry  
  65  4:54  Probe  
  65  4:58  Probe  
  65  4:59  Stalker  
  69  5:02  Gateway  
  69  5:06  Probe  
  70  5:10  Probe  
  70  5:12  Shield Battery  
  72  5:14  Observer (Chrono Boost)  
  72  5:18  Probe  
  72  5:19  Dark Shrine  
  72  5:21  Stalker  
  75  5:24  Pylon, Probe  
  76  5:30  Zealot  
  76  5:33  Warp Prism (Chrono Boost)  
  76  5:35  Probe  
  81  5:37  Probe  
  80  5:42  Probe  
  80  5:47  Stalker x2, Probe  
  80  5:49  Stalker  
  87  5:52  Probe  
  87  5:55  Probe  
  87  5:56  Stalker  
  91  6:03  Probe  
  92  6:04  Probe  
  92  6:07  Forge  
  92  6:09  Probe  
  92  6:10  Pylon  
  94  6:16  Probe  
  95  6:19  Probe  
  95  6:21  Stalker x2, Robotics Bay  
  95  6:22  Probe  
  95  6:24  Assimilator  
  101  6:33  Dark Templar  
  101  6:34  Dark Templar x2  
  101  6:39  Assimilator  
  107  6:40  Pylon  
  107  6:51  Pylon  
  107  6:53  Stalker x2  
  111  6:54  Protoss Ground Weapons Level 1  
  111  6:59  Gateway  
  111  7:00  Gateway  
  111  7:07  Robotics Facility  
  111  7:14  Stalker x3  
  117  7:17  Shield Battery  
  117  7:20  Photon Cannon  
  117  7:22  Shield Battery  
  117  7:25  Dark Templar x2  
  107  7:39  Stalker x3  
  107  7:40  Probe  
  107  7:42  Archon  
  107  7:44  Disruptor (Chrono Boost)  
  101  7:57  Stalker x4  
  95  8:03  Dark Templar x2  
  80  8:07  Probe x3  
  80  8:09  Stalker  
  68  8:19  Probe x3  
  69  8:26  Stalker  
  69  8:27  Stalker x3  
  67  8:31  Probe x3  
  73  8:41  Stalker x3  
  71  8:43  Probe x2  
  75  8:55  Probe x2  
  76  9:04  Nexus  
  76  9:07  Probe x2  
  78  9:15  Stalker x3  
  81  9:28  Nexus  
  79  9:33  Disruptor (Chrono Boost)  
  79  9:46  Stalker x2  
  75  9:56  Stalker x3  
Tags
 
Add a new tag
Caveats
  • Supply blocks, unpowered buildings, or Contaminate may cause inaccurate times.
  • Supply counts are checked every 10 seconds.